 Dungeon Crawl Stone Soup version 0.30-a0-374-g95c0257040 (webtiles) character file.

Game seed: 15879480810570125751

77 Elric the Gusty (level 4, -4/24 HPs)
             Began as a Tengu Air Elementalist on Nov 25, 2022.
             Slain by Sigmund
             ... wielding a +0 scythe
              (10 damage)
             ... on level 2 of the Dungeon.
             The game lasted 00:03:07 (1825 turns).

Elric the Gusty (Tengu Air Elementalist)            Turns: 1825, Time: 00:03:07

Health: -4/24      AC:  6    Str:  8    XL:     4   Next: 33%
Magic:  5/8        EV: 12    Int: 18    God:
Gold:   101        SH:  0    Dex: 14    Spells: 7/8 levels left

rFire   + . .      SeeInvis .    i - +1 short sword (venom)
rCold   . . .      Faith    .    (no shield)
rNeg    . . .      Spirit   .    l - +0 leather armour {rF+}
rPois   .          Reflect  .    (helmet restricted)
rElec   .          Harm     .    c - +2 cloak
rCorr   .          Rampage  .    (no gloves)
Will    .....                    (boots unavailable)
Stlth   ++........               (no amulet)
HPRegen 0.24/turn                (no ring)
MPRegen 0.11/turn                (no ring)

@: no status effects
A: beak, talons 3
a: no special abilities


You were on level 2 of the Dungeon.
You visited 1 branch of the dungeon, and saw 2 of its levels.

You collected 101 gold pieces.

Inventory:

Hand Weapons
 g - a +0 whip
 i - a +1 short sword of venom (weapon)
Armour
 a - a +0 robe
 c - a +2 cloak (worn)
 l - a +0 leather armour of fire resistance (worn)
Scrolls
 d - 2 scrolls of enchant weapon {unknown}
 e - 3 scrolls of identify {unknown}
Potions
 b - 2 potions of magic
 f - a potion of lignification {unknown}
 h - a potion of curing {unknown}


   Skills:
 + Level 2.9 Dodging
 + Level 2.8 Stealth
 + Level 2.5 Spellcasting
 + Level 2.5 Conjurations
 + Level 4.6 Air Magic


You had 7 spell levels left.
You knew the following spells:

 Your Spells              Type           Power      Damage    Failure   Level
a - Shock                 Conj/Air       60%        1d6       6%          1

Your spell library contained the following spells:

 Spells                   Type           Power      Damage    Failure   Level
 Static Discharge         Conj/Air       30%        2-4/arc   9%          2
 Swiftness                Air            18%        N/A       11%         3
 Sandblast                Erth           4%         2d4       26%         1
 Slow                     Hex            8%         N/A       26%         1
 Passwall                 Tmut/Erth      1%         N/A       36%         2
 Airstrike                Air            9%         2d(2-18)  36%         4
 Stone Arrow              Conj/Erth      12%        3d7       41%         3
 Confusing Touch          Hex            2%         N/A       58%         3
 Vampiric Draining        Necr           2%         2d6       58%         3


Dungeon Overview and Level Annotations

Branches:
Dungeon (2/15)

Altars:

Annotations:
D:2 1 runed translucent door, Crazy Yiuf, Sigmund


Innate Abilities, Weirdness & Mutations

You have a beak for a mouth.
You have claws for feet.


Message History

Press: ? - help, Shift-Dir - straight line, f/p - Sigmund
Aim: Sigmund, wielding a +0 scythe and wearing a +0 robe (moderately wounded, 68% to hit)
The zap hits Sigmund.
Sigmund is heavily wounded.
Sigmund closely misses you.
Casting: Shock (safe; 6% risk of failure)
Confirm with . or Enter, or press ? or * to list all spells.
Aiming: Shock (safe; 6% risk of failure)
Press: ? - help, Shift-Dir - straight line, f/p - Sigmund
Aim: Sigmund, wielding a +0 scythe and wearing a +0 robe (heavily wounded, 68% to hit)
The zap hits Sigmund.
Sigmund is heavily wounded.
Casting: Shock (safe; 6% risk of failure)
Confirm with . or Enter, or press ? or * to list all spells.
Aiming: Shock (safe; 6% risk of failure)
Press: ? - help, Shift-Dir - straight line, f/p - Sigmund
Aim: Sigmund, wielding a +0 scythe and wearing a +0 robe (heavily wounded, 68% to hit)
The zap hits Sigmund.
Sigmund is severely wounded.
Sigmund mumbles some strange words.
Sigmund flickers and vanishes!
Casting: Shock (safe; 6% risk of failure)
Confirm with . or Enter, or press ? or * to list all spells.
You can't see any susceptible monsters within range! (Use Z to cast anyway.)
Casting: Shock (safe; 6% risk of failure)
Confirm with . or Enter, or press ? or * to list all spells.
You can't see any susceptible monsters within range! (Use Z to cast anyway.)
Casting: Shock (safe; 6% risk of failure)
Confirm with . or Enter, or press ? or * to list all spells.
You can't see any susceptible monsters within range! (Use Z to cast anyway.)
Something hits you!
Your magical contamination has completely faded away.
You closely miss something. Your kick misses something.
Your peck misses something. Something hits you.
* * * LOW HITPOINT WARNING * * *
You barely miss something. Your kick misses something.
You closely miss something. Your kick misses something. Something hits you.
* * * LOW HITPOINT WARNING * * *
You barely miss something. You claw something. Something hits you!
You die...

## #..# #.....[#..# #.# .# #..#
##.####.#.# ##.#### .# #..# #.#
#.#.### #.....# .# #..# #.#
#.#...###..##.# .#
#..#####.####.##...##..##.# .#
#.............#.....#.>##.### .#
#)######...............##....
.####.# ########.....#..######
.##...# #.{@......##<.>.....
.##.### #.######..##..#.####
.##.# #. ####......).....
.##.######## #. #............###
............ .. #.##.###.##.....
###.##############.##.###.##.####
#.....†.................##.#
########.#..........######.#
#######.#### #.#


There were no monsters in sight!

Vanquished Creatures
  4 adders (D:2)
  A dart slug (D:2)
  2 endoplasms (D:1)
  5 goblins
  2 kobolds
  3 quokkas (D:1)
  4 ball pythons
  9 bats
  6 frilled lizards
  5 rats
41 creatures vanquished.

Notes
Turn   | Place    | Note
-------+----------+-------------------------------------------
     0 | D:1      | Elric the Tengu Air Elementalist began the quest for the
                  | Orb.
     0 | D:1      | Reached XP level 1. HP: 10/10 MP: 4/4
   240 | D:1      | Reached XP level 2. HP: 15/15 MP: 0/6
   717 | D:1      | Reached XP level 3. HP: 19/19 MP: 5/7
  1414 | D:2      | Reached XP level 4. HP: 24/24 MP: 8/8
  1435 | D:2      | Found a runed translucent door.
  1436 | D:2      | Noticed Crazy Yiuf
  1731 | D:2      | Noticed Sigmund
  1825 | D:2      | Slain by Sigmund

Illustrated notes

Levels and vault maps discovered:
D:1:      dpeg_arrival_more_subterranean_lakeside_camping, layout_loops_ring,
          serial_glass, glass_columns_a, glass_columns_b, glass_columns_b,
          glass_columns_a, glass_columns_a, glass_columns_a, minmay_octomino_j4
D:2:      layout_loops_ring, uniq_crazy_yiuf_cottage, uniq_sigmund

Skill      XL: |  1  2 |
---------------+-------+-----
Conjurations   | 2 |  2.5
Dodging        | |  2.9
Stealth        | |  2.8
Spellcasting   | |  2.5
Air Magic      | |  4.6

Action                   |  1- 3 |  4- 6 || total
-------------------------+-------+-------++-------
Melee: Whip              |    10 |       ||    10
       Kick              |     7 |     2 ||     9
       Short sword       |    13 |    13 ||    26
       Peck              |     2 |       ||     2
 Cast: Shock             |    40 |    11 ||    51
  Use: Scroll            |       |     6 ||     6
 Stab: Sleeping          |     2 |       ||     2
Armor: Robe              |     6 |       ||     6
       Leather armour    |     6 |     3 ||     9
Dodge: Dodged            |    28 |     7 ||    35

Table legend: (Time is in decaauts)
 A = Elapsed time spent in this place.
 B = Non-inter-level travel time spent in this place.
 C = Inter-level travel time spent in this place.
 D = Time resting spent in this place.
 E = Time spent auto-exploring this place.
 F = Levels seen in this place.
 G = Mean time per level.
                   A        B        C        D        E       F      G
               +--------+--------+--------+--------+--------+-----+--------+
         Total |   1826 |   1677 |    149 |     50 |   1393 |   2 |  913.0 |
       Dungeon |   1826 |   1677 |    149 |     50 |   1393 |   2 |  913.0 |
               +--------+--------+--------+--------+--------+-----+--------+

Top non-repeatable levels by time:
     D:1: 1056 daAuts
     D:2: 769 daAuts
